 Dungeon Crawl Stone Soup version 0.29.1-15-g9cfb28693d (webtiles) character file.

Game seed: 16383279226930494229

20710 promet the Thaumaturge (level 12, -5/87 HPs)
             Began as a Grey Draconian Wanderer on Feb 26, 2023.
             Was a Priest of Hepliaklqana.
             Slain by a catoblepas (15 damage)
             ... on level 2 of the Lair of Beasts on Feb 27, 2023.
             The game lasted 02:54:27 (22848 turns).

promet the Thaumaturge (Grey Draconian Wanderer)   Turns: 22848, Time: 02:54:28

Health: -5/87      AC: 20    Str: 17    XL:     12   Next: 47%
Magic:  23/25      EV: 13    Int: 18    God:    Hepliaklqana [***...]
Gold:   453        SH:  5    Dex:  8    Spells: 13/29 levels left

rFire   + + +      SeeInvis .   a - +3 scimitar of Hafestru {vorpal, +Blink rF++}
rCold   x . .      Faith    .   (no shield)
rNeg    . . .      Spirit   .   (body armour unavailable)
rPois   .          Reflect  +   (helmet restricted)
rElec   .          Harm     .   g - +0 cloak
rCorr   .          Rampage  +   l - +2 pair of gloves of Gravity {rF+}
Will    .....                   o - +2 pair of boots {rampage}
Stlth   ++........              v - amulet of reflection
HPRegen 0.24/turn               m - ring of fire
MPRegen 0.19/turn               E - ring of wizardry

@: no status effects
A: reduced essence, AC +13, amphibious, unfitting armour, cold-blooded
a: Renounce Religion, Evoke Blink, Recall Ancestor, Ancestor Identity,
Transference


You were on level 2 of the Lair of Beasts.
You worshipped Hepliaklqana.
Hepliaklqana was most pleased with you.
You visited 3 branches of the dungeon, and saw 13 of its levels.

You collected 680 gold pieces.
You spent 227 gold pieces at shops.

Inventory:

Hand Weapons
 a - the +3 scimitar of Hafestru (weapon) {vorpal, +Blink rF++}
   (You found it on level 2 of the Lair of Beasts)

   It inflicts extra damage upon your enemies.
   rF:        It greatly protects you from fire.
   +Blink:    It lets you blink.
 b - a +0 arbalest
 d - a +4 long sword
 p - a +0 halberd
 s - a +0 long sword of holy wrath
 u - a +2 short sword of electrocution
 w - a +4 short sword
 D - a +5 short sword of draining
 H - a +2 morningstar
 I - a +4 war axe
 J - a +4 dagger
 R - a -1 demon whip of venom
 S - a +2 trident of venom
Missiles
 h - 73 stones (quivered)
 j - 12 boomerangs of dispersal
 q - 4 throwing nets
 r - 11 poisoned darts
 t - 2 atropa-tipped darts
Armour
 g - a +0 cloak (worn)
 l - the +2 pair of gloves of Gravity (worn) {rF+}
   (You found it on level 3 of the Dungeon)

   rF:        It protects you from fire.
 o - a +2 pair of boots of rampaging (worn)
Magical Staves
 F - a staff of cold
Jewellery
 m - a ring of fire (left hand)
 v - an amulet of reflection (around neck)
 x - an amulet of guardian spirit
 y - a ring of fire
 C - a ring of positive energy
 E - a ring of wizardry (right hand)
 N - a ring of fire
 P - a +6 ring of intelligence
Wands
 z - a wand of polymorph (7)
 A - a wand of paralysis (7)
 G - a wand of flame (11)
 M - a wand of light (6)
Scrolls
 e - 3 scrolls of identify
 n - 10 scrolls of teleportation
 B - 3 scrolls of fog
 K - 2 scrolls of blinking
 L - 2 scrolls of enchant weapon
Potions
 c - 5 potions of attraction
 f - 3 potions of cancellation
 i - 5 potions of flight
 k - a potion of berserk rage
 O - a potion of ambrosia {unknown}
 Q - a potion of heal wounds {unknown}


   Skills:
 + Level 6.7 Fighting
 + Level 5.2(5.3) Short Blades
 * Level 1.9(3.8) Long Blades
 + Level 0.3(4.5) Axes
 + Level 2.1(2.2) Maces & Flails
 + Level 6.9 Polearms
 + Level 7.1 Ranged Weapons
 + Level 2.9 Throwing
 + Level 6.1 Dodging
 + Level 4.1 Stealth
 + Level 2.8 Shields
 + Level 9.4 Spellcasting
 + Level 2.7 Conjurations
 + Level 0.1 Translocations
 + Level 4.4 Transmutations
 + Level 1.6 Ice Magic
 + Level 4.8 Earth Magic
 + Level 5.5 Poison Magic
 + Level 4.6 Evocations


You had 13 spell levels left.
You knew the following spells:

 Your Spells              Type           Power      Damage    Failure   Level
a - Sting                 Tmut/Pois      100%       1d8       1%          1
b - Freeze                Ice            56%        1d7       1%          1
c - Wereblood             Tmut           24%        N/A       1%          2
d - Stone Arrow           Conj/Erth      44%        3d9       2%          3
e - Passwall              Tmut/Erth      20%        N/A       1%          2
f - Sandblast             Erth           50%        2d12      1%          1
g - Frozen Ramparts       Ice            28%        1d5       5%          3
h - Teleport Other        Tloc           9%         N/A       10%         3

Your spell library contained the following spells:

 Spells                   Type           Power      Damage    Failure   Level
 Spider Form              Tmut/Pois      26%        N/A       1%          3
 Apportation              Tloc           18%        N/A       3%          1
 Sublimation of Blood     Necr           8%         N/A       5%          2
 Gell's Gravitas          Tloc           9%         N/A       10%         3
 Ice Form                 Ice/Tmut       19%        N/A       10%         4
 Hailstorm                Conj/Ice       16%        3d6       14%         4
 Corpse Rot               Necr/Pois/Air  15%        N/A       16%         4
 Simulacrum               Ice/Necr       5%         N/A       97%         6
 Dispersal                Tloc           4%         N/A       99%         6
 Summon Hydra             Summ           4%         N/A       100%        7


Dungeon Overview and Level Annotations

Branches:
Dungeon (10/15)            Temple (1/1) D:5            Lair (2/5) D:10
 Spider (0/4) Lair:2
  Swamp: Lair:2-3    Shoals: Lair:2-3       Orc: D:9-12

Altars:
Ashenzari
Cheibriados
Dithmenos
Hepliaklqana
Kikubaaqudgha
Nemelex Xobeh
Qazlal
Uskayaw
Vehumet
Zin

Shops:
D:5 ?   D:6 *

Annotations:
D:5 1 runed translucent door, Crazy Yiuf
D:7 3 runed translucent doors, jtron's ghost, novice HOFi


Innate Abilities, Weirdness & Mutations

Your life essence is reduced to manifest your ancestor. (-10% HP)
Your dull iron-grey scales are very hard. (AC +13)
You are amphibious.
You cannot fit into any form of body armour.
You are cold-blooded and may be slowed by cold attacks.


Message History

a - the +3 scimitar of Hafestru (weapon)
{vorpal, +Blink rF++} The catoblepas gores you!
You hit the catoblepas.
The catoblepas is heavily wounded.
The catoblepas breathes a plume of calcifying dust at you.
The blast of calcifying dust hits you! The catoblepas gores you.
You hit the catoblepas.
You tail-slap the catoblepas, but do no damage.
The catoblepas is severely wounded.
The catoblepas breathes a plume of calcifying dust at you.
The blast of calcifying dust hits you but does no damage.
The catoblepas gores you!
Casting: Stone Arrow (mildly dangerous; 2% risk of failure)
Confirm with . or Enter, or press ? or * to list all spells.
Aiming: Stone Arrow (mildly dangerous; 2% risk of failure)
Press: ? - help, Shift-Dir - straight line, f/p - catoblepas
Aim: a catoblepas (severely wounded, lightly drained, 100% to hit)
The stone arrow hits the catoblepas.
The catoblepas is severely wounded.
The catoblepas breathes a plume of calcifying dust at you.
The blast of calcifying dust hits you but does no damage.
The catoblepas barely misses you.
You hit the catoblepas but do no damage.
You tail-slap the catoblepas, but do no damage.
The catoblepas is severely wounded.
The catoblepas closely misses you.
You slash the catoblepas!
The catoblepas is almost dead.
The catoblepas gores you!!
You slash the catoblepas!
You tail-slap the catoblepas, but do no damage.
The catoblepas is almost dead.
The catoblepas breathes a plume of calcifying dust at you.
The blast of calcifying dust hits you.
* * * LOW HITPOINT WARNING * * *
The catoblepas gores you!
* * * LOW HITPOINT WARNING * * *
The catoblepas gores you!
You die...

###....##+.#.#.....[.............
##...........#.........#..#.....#
.##....#.....##.....##.P..##.....
.P#...##.....#...................
.##...##.....+.......#..........♣
.##...##......#..§..#......♣♣♣♣♣♣
###...##............###..♣♣♣~~
#.....####.###.Y§§§§§§§.⌠.....
......########..@.......⌠..Y♣
.........................♣
#..###.##...#.P.#.######...♣ ####
############## ..... #.## #


You could see a catoblepas (drained).

Vanquished Creatures
  A catoblepas (Lair:2)
  Amaemon (Lair:1)
  5 elephants (Lair:2)
  An orange demon (Lair:1)
  A gargoyle (D:10)
  4 rime drakes (Lair:2)
  2 trolls
  3 blink frogs (Lair:2)
  4 wyverns
  22 yaks
  A wraith (D:8)
  A water moccasin (Lair:1)
  A sky beast (D:6)
  A black bear (D:5)
  An ogre (D:5)
  4 centaurs (Lair:1)
  A phantom (D:4)
  8 bullfrogs
  A scorpion (D:4)
  A necrophage (D:5)
  6 wights (D:8)
  15 killer bees
  8 howler monkeys
  2 electric eels (Lair:2)
  2 orc priests
  6 hounds
  2 iguanas (D:5)
  5 orc wizards
  20 gnolls
  7 adders
  A shadow imp (D:8)
  A white imp (D:6)
  A worm (D:3)
  4 dart slugs
  25 orcs
  6 endoplasms (D:1)
  2 giant cockroaches
  7 goblins
  5 hobgoblins
  12 jackals (D:5)
  2 quokkas
  6 ball pythons
  5 bats
  5 frilled lizards
  15 kobolds
  5 rats
239 creatures vanquished.

Vanquished Creatures (collateral kills)
  A hydra (Lair:2)
  Harold (Lair:1)
  A bog body (Lair:2)
  A lindwurm (Lair:2)
  An elephant (Lair:2)
  A cane toad (Lair:2)
  A komodo dragon (Lair:2)
  A troll (D:10)
  2 blink frogs
  2 shadows (D:10)
  3 wyverns
  4 yaks
  A basilisk (Lair:2)
  3 steam dragons
  A swamp worm (Lair:2)
  4 water moccasins
  An ice beast (D:7)
  An orc warrior (D:8)
  4 wolves (D:10)
  2 centaurs
  2 kobold brigands
  5 bullfrogs
  2 gnoll sergeants
  2 wights (D:8)
  3 killer bees
  2 electric eels (D:10)
  3 howler monkeys
  2 hounds
  An orc priest (D:8)
  2 iguanas (D:7)
  4 gnolls (D:7)
  A white imp (D:7)
  7 orcs
  A kobold (D:9)
73 creatures vanquished.

Vanquished Creatures (others)
  9 hexers
  7 ancestors
  22 fungi
  28 plants
  7 toadstools (Lair:2)
73 creatures vanquished.

Grand Total: 385 creatures vanquished

Notes
Turn   | Place    | Note
-------+----------+-------------------------------------------
     0 | D:1      | promet the Draconian Wanderer began the quest for the Orb.
     0 | D:1      | promet set off with the following items: a +0 club, a
                  | potion of curing, a potion of attraction; and the following
                  | spells available to memorise: Sting, Apportation, Spider
                  | Form, Gell's Gravitas, Corpse Rot.
     0 | D:1      | Reached XP level 1. HP: 17/17 MP: 6/6
   904 | D:1      | Reached XP level 2. HP: 18/24 MP: 8/8
  1603 | D:1      | Reached XP level 3. HP: 29/29 MP: 10/10
  2145 | D:2      | Reached skill level 1 in Maces & Flails
  2421 | D:2      | You fall into a shaft and drop 2 floors!
  2511 | D:4      | Reached skill level 1 in Short Blades
  2543 | D:4      | Noticed a phantom
  2570 | D:4      | Killed a phantom
  2571 | D:4      | Reached XP level 4. HP: 19/37 MP: 11/11
  2764 | D:4      | Reached XP level 5. HP: 44/44 MP: 13/13
  2868 | D:4      | Reached skill level 1 in Dodging
  2868 | D:4      | Reached skill level 1 in Stealth
  2924 | D:4      | Noticed an ogre
  3302 | D:2      | Found a faded altar of an unknown god.
  3488 | D:2      | Found an ancient bone altar of Kikubaaqudgha.
  4646 | D:3      | Reached XP level 6. HP: 39/51 MP: 11/14
  4727 | D:3      | Identified the +2 pair of gloves of Gravity {rF+}
  5670 | D:5      | Entered Level 5 of the Dungeon
  5701 | D:5      | Found a staircase to the Ecumenical Temple.
  5712 | Temple   | Entered the Ecumenical Temple
  5760 | Temple   | Became a worshipper of Hepliaklqana the Forgotten
  5881 | D:5      | Reached skill level 1 in Throwing
  5994 | D:5      | Found a runed translucent door.
  5995 | D:5      | Noticed Crazy Yiuf
  6260 | D:5      | Found Ceanneim's Magic Scroll Emporium.
  6270 | D:5      | Your scales start taking on a dull iron-grey colour.
  6270 | D:5      | Reached XP level 7. HP: 57/57 MP: 15/15
  6272 | D:5      | Bought a scroll of summoning for 104 gold pieces
  6272 | D:5      | Bought a scroll of teleportation for 33 gold pieces
  6437 | D:5      | Found a glowing silver altar of Zin.
  6489 | D:5      | Found a shadowy altar of Dithmenos.
  6788 | D:5      | Learned a level 1 spell: Sting
  7476 | D:5      | Reached skill level 1 in Transmutations
  7495 | D:5      | Learned a level 1 spell: Freeze
  7498 | D:5      | Learned a level 2 spell: Wereblood
  7885 | D:5      | Reached XP level 8. HP: 65/66 MP: 11/16
  8258 | D:6      | Learned a level 3 spell: Stone Arrow
  8273 | D:6      | Reached skill level 6 in Spellcasting
  8449 | D:6      | Found Zoun's General Store.
  9054 | D:6      | Reached * piety under Hepliaklqana
  9329 | D:6      | Reached skill level 7 in Spellcasting
  9486 | D:6      | Reached skill level 5 in Short Blades
  9861 | D:7      | Reached XP level 9. HP: 20/63 MP: 4/20
 10402 | D:7      | Learned a level 2 spell: Passwall
 10421 | D:7      | Reached skill level 1 in Polearms
 10470 | D:7      | Reached skill level 1 in Shields
 10993 | D:7      | Found a runed translucent gate.
 10993 | D:7      | Found a runed translucent gate.
 10995 | D:7      | Found a runed translucent gate.
 10996 | D:7      | Noticed jtron's ghost (novice HOFi)
 12098 | D:7      | Reached skill level 5 in Fighting
 12522 | D:8      | Reached skill level 1 in Ranged Weapons
 12805 | D:8      | Learned a level 1 spell: Sandblast
 12809 | D:8      | Learned a level 3 spell: Frozen Ramparts
 12813 | D:8      | Learned a level 3 spell: Teleport Other
 12957 | D:8      | Reached skill level 1 in Earth Magic
 12970 | D:8      | Reached XP level 10. HP: 66/72 MP: 4/21
 13709 | D:8      | Reached skill level 8 in Spellcasting
 13709 | D:8      | Reached skill level 1 in Conjurations
 13999 | D:8      | Reached skill level 5 in Polearms
 14075 | D:9      | Reached skill level 1 in Ice Magic
 14471 | D:8      | Reached skill level 5 in Dodging
 14804 | D:6      | Bought 3 scrolls of teleportation for 90 gold pieces
 15117 | D:8      | Reached skill level 1 in Evocations
 15829 | D:9      | Reached ** piety under Hepliaklqana
 15830 | D:9      | Remembered your ancestor Hans as a hexer
 15939 | D:9      | Reached skill level 5 in Poison Magic
 16242 | D:10     | Entered Level 10 of the Dungeon
 16331 | D:10     | Noticed a gargoyle
 16955 | D:10     | Killed a gargoyle
 16956 | D:10     | Reached XP level 11. HP: 35/80 MP: 15/23
 17176 | D:10     | Found a staircase to the Lair.
 18144 | Lair:1   | Entered Level 1 of the Lair of Beasts
 18847 | Lair:1   | Found a stormy altar of Qazlal.
 19473 | Lair:1   | Noticed Harold
 19483 | Lair:1   | Killed Harold
 19484 | Lair:1   | Reached skill level 1 in Long Blades
 19484 | Lair:1   | Reached *** piety under Hepliaklqana
 19585 | Lair:1   | Noticed Amaemon
 19593 | Lair:1   | Killed Amaemon
 20012 | Lair:1   | Reached skill level 5 in Ranged Weapons
 20375 | Lair:2   | Noticed a six-headed hydra
 20380 | Lair:2   | Killed a six-headed hydra
 20450 | Lair:2   | Noticed a catoblepas
 20709 | Lair:2   | Killed a catoblepas
 20975 | Lair:2   | Reached skill level 9 in Spellcasting
 21134 | Lair:2   | Reached XP level 12. HP: 82/87 MP: 18/25
 21490 | Lair:2   | Found a hole to the Spider Nest.
 22108 | Lair:2   | Identified the +3 scimitar of Hafestru {vorpal, +Blink
                  | rF++}
 22238 | Lair:2   | Found a runed translucent door.
 22344 | Lair:2   | Noticed a catoblepas
 22344 | Lair:2   | Found the ring of the Tortoise {AC+8}
 22848 | Lair:2   | Slain by a catoblepas

Illustrated notes

Levels and vault maps discovered:
D:1:      nicolae_arrival_washed_ashore, layout_basic, minmay_distorted
D:2:      layout_basic, basic_altar, shapermc_ecumenical_altar_venn,
          serial_bayou_pond_a
D:3:      layout_loops_ring, nicolae_underground_beach
D:4:      layout_rooms
D:5:      lemuel_castle_with_subvaults [lemuel_castle_interior_carwin_2],
          layout_loops_ring, mainiacjoe_overflow_swirl,
          minmay_temple_entry_antechambers, serial_shops, nicolae_shop_trees,
          uniq_crazy_yiuf_cottage
D:6:      layout_loops_ring, serial_shops, nicolae_shop_advertising_works
          [nicolae_subvault_shop_adworks], minmay_unpleasant_kobolds
D:7:      layout_rooms, gammafunk_ghost_necromancy, serial_bayou_pond_e
D:8:      layout_cave_pods
D:9:      layout_cave_pools, serial_column_ruins, column_ruins_courtyard_long,
          column_ruins_hut, column_ruins_open_tiny, column_ruins_grid_3,
          column_ruins_corridor_dead_end, column_ruins_open_tiny
D:10:     layout_rooms, erik_lair_island
Temple:   nicolae_temple_slightly_damp_pantheon
Lair:1:   layout_cellular_growth, lemuel_centaur_altar, uniq_harold,
          uniq_amaemon
Lair:2:   gammafunk_lair_enchanted_lake, layout_regular_city,
          nicolae_swamp_entry_splash_gauntlet, spider_nest_entry_web_field,
          serial_bayou_shore_a

Skill      XL: |  1  2  3  4  5  6  7  8  9 10 11 12 |
---------------+-------------------------------------+-----
Maces & Flails | 1 2 |  2.1
Short Blades   | 1 2 3 4 5 |  5.2
Fighting       | 3 4 5 6 |  6.7
Dodging        | 1 2 3 4 5 6 |  6.1
Stealth        | 1 2 3 4 |  4.1
Throwing       | 1 2 |  2.9
Transmutations | 1 2 3 4 |  4.4
Spellcasting   | 7 8 9 |  9.4
Poison Magic   | 4 5 |  5.5
Polearms       | 4 5 6 |  6.9
Shields        | 1 2 |  2.8
Ranged Weapons | 1 3 6 7 |  7.1
Earth Magic    | 1 3 4 |  4.8
Conjurations   | 1 2 |  2.7
Ice Magic      | 1 |  1.6
Evocations     | 3 4 |  4.6
Long Blades    | 1 |  1.9
Axes           | |  0.3
Translocations | |  0.1

Action                   |  1- 3 |  4- 6 |  7- 9 | 10-12 || total
-------------------------+-------+-------+-------+-------++-------
Melee: Mace              |    30 |       |       |       ||    30
       Club              |     9 |       |       |       ||     9
       Tailslap          |    13 |    19 |    38 |    49 ||   119
       Punch             |     2 |     2 |     1 |     2 ||     7
       Short sword       |    91 |   140 |   246 |    12 ||   489
       Halberd           |       |       |   108 |   108 ||   216
       Trident           |       |       |       |   103 ||   103
       Long sword        |       |       |       |     4 ||     4
       War axe           |       |       |       |     3 ||     3
       Scimitar          |       |       |       |    24 ||    24
 Fire: Sling             |       |       |     5 |       ||     5
       Shortbow          |       |       |    28 |    23 ||    51
       Arbalest          |       |       |       |   130 ||   130
Throw: Stone             |     7 |     7 |    19 |     1 ||    34
       Boomerang         |       |    24 |    27 |       ||    51
       Dart              |       |     1 |     6 |       ||     7
 Cast: Sting             |       |       |    67 |    36 ||   103
       Freeze            |       |       |     6 |     3 ||     9
       Wereblood         |       |       |     8 |     2 ||    10
       Stone Arrow       |       |       |    18 |    67 ||    85
       Frozen Ramparts   |       |       |     1 |     1 ||     2
       Sandblast         |       |       |       |    28 ||    28
       Teleport Other    |       |       |       |     4 ||     4
Invok: Ancestor Identity |       |       |     1 |       ||     1
       Recall Ancestor   |       |       |       |     6 ||     6
       Ancestor Life: He |       |       |       |     1 ||     1
Evoke: Wand              |       |       |       |     1 ||     1
  Use: Scroll            |     3 |     5 |     9 |     9 ||    26
       Potion            |     1 |     3 |     5 |     2 ||    11
 Stab: Invisible         |       |       |     1 |       ||     1
       Sleeping          |       |       |     1 |     3 ||     4
       Distracted        |       |       |     1 |     5 ||     6
       Confused          |       |       |       |     2 ||     2
Armor: Skin              |    49 |    50 |   179 |   186 ||   464
Dodge: Dodged            |    71 |    77 |   233 |   226 ||   607
Block: Other             |       |       |    50 |    96 ||   146
       Reflection        |       |       |     4 |     8 ||    12
